 Dungeon Crawl Stone Soup version 0.29-a0-207-gf982a884d8 (webtiles) character file.

Game seed: 6897840297471190080

203 iguanaiguana the Grasshopper (level 5, -1/42 HPs)
             Began as a Palentonga Warper on Feb 24, 2022.
             Slain by an iguana (9 damage)
             ... on level 4 of the Dungeon.
             The game lasted 00:06:38 (3116 turns).

iguanaiguana the Grasshopper (Palentonga Warper)    Turns: 3116, Time: 00:06:39

Health: -1/42      AC:  5    Str: 14    XL:     5   Next: 51%
Magic:  9/9        EV: 10    Int: 16    God:
Gold:   89         SH:  0    Dex:  9    Spells: 7/9 levels left

rFire   . . .      SeeInvis +   q - +3 hand axe
rCold   . . .      Faith    .   (no shield)
rNeg    . . .      Spirit   .   n - +1 robe {Will+}
rPois   .          Reflect  .   (no helmet)
rElec   .          Harm     .   (no cloak)
rCorr   .          Rampage  .   (no gloves)
Will    +....                   (no barding)
Stlth   +.........              (no amulet)
HPRegen 0.14/turn               (no ring)
MPRegen 0.11/turn               (no ring)

@: no status effects
A: large, rugged brown scales 3, see invisible, deformed body, roll 1, armoured
tail
a: Rolling Charge


You were on level 4 of the Dungeon.
You visited 1 branch of the dungeon, and saw 4 of its levels.

You collected 89 gold pieces.

Inventory:

Hand Weapons
 q - a +3 hand axe (weapon)
Missiles
 d - 5 boomerangs of dispersal (quivered)
Armour
 n - a +1 robe of willpower (worn)
 p - +0 ice dragon scales
Magical Staves
 b - a staff of air
Scrolls
 c - a scroll of blinking {@r4}
 e - 2 scrolls of immolation {unknown}
 h - 2 scrolls of identify {unknown}
 j - 3 scrolls of fear {unknown}
 k - 2 scrolls of enchant armour {unknown}
 o - a scroll of magic mapping {unknown}
Potions
 a - a potion of flight {unknown}
 i - a potion of lignification {unknown}
 l - a potion of curing {unknown}


   Skills:
 + Level 2.8 Fighting
 * Level 2.0 Axes
 + Level 1.4 Throwing
 + Level 1.7 Armour
 + Level 2.2 Dodging
 + Level 2.8 Spellcasting
 * Level 4.1 Translocations


You had 7 spell levels left.
You knew the following spells:

 Your Spells              Type           Power      Damage    Failure   Level
a - Blink                 Tloc           30%        N/A       5%          2

Your spell library contained the following spells:

 Spells                   Type           Power      Damage    Failure   Level
 Apportation              Tloc           30%        N/A       3%          1
 Gell's Gravitas          Tloc           15%        N/A       11%         3
 Lesser Beckoning         Tloc           15%        N/A       11%         3
 Teleport Other           Tloc           15%        N/A       11%         3
 Animate Skeleton         Necr           4%         N/A       19%         1
 Summon Small Mammal      Summ           8%         N/A       19%         1
 Manifold Assault         Tloc           15%        N/A       69%         5


Dungeon Overview and Level Annotations

Branches:
Dungeon (4/15)
 Temple: D:4-7

Altars:

Shops:
D:1 =


Innate Abilities, Weirdness & Mutations

You are completely covered in rugged brown scales. (AC +3, +7% HP)
You have supernaturally acute eyesight. (SInv)
Armour fits poorly on your strangely shaped body.
You can roll at nearby foes to attack.
You have a long armoured tail.


Message History

Unknown command.
A kobold comes into view.
It is wielding a +0 whip and quivering poisoned darts.
Roll where?
Press: ? - help, Dir - move target, f - iguana
Aim: an iguana You roll forward with a clatter of scales!
Found a whip.
You closely miss the iguana.
You hear a shout! x4
The iguana closely misses you.
You hit the iguana.
The iguana is lightly wounded.
The iguana bites you.
You closely miss the iguana.
The iguana is lightly wounded.
The iguana bites you.
You hit the iguana.
The iguana is moderately wounded.
You closely miss the kobold. The kobold hits you but does no damage.
The iguana barely misses you. The iguana bites you!
The kobold hits you but does no damage.
You hit the iguana but do no damage.
The iguana is moderately wounded.
You hit the kobold.
You kill the kobold!
The iguana barely misses you.
You hit the iguana but do no damage.
The iguana is moderately wounded.
The iguana bites you!
You are too injured to fight recklessly!
You closely miss the iguana.
The iguana is moderately wounded.
The iguana bites you.
* * * LOW HITPOINT WARNING * * *
You hit the iguana.
The iguana is moderately wounded.
The iguana bites you!
* * * LOW HITPOINT WARNING * * *
There is a stone staircase leading up here.
The iguana bites you!
You die...

#.# #.# #.# #
#.#
####.#####.####
...............
##))#.# #...l@#
.#.#.....#
....[....#
....#.....#
###)#...).# #
#######


You could see an iguana.

Vanquished Creatures
  Sigmund (D:3)
  A worm (D:3)
  3 dart slugs
  An orc (D:2)
  4 ball pythons
  3 endoplasms
  A giant cockroach (D:2)
  6 goblins
  3 hobgoblins
  2 jackals (D:2)
  2 bats
  A frilled lizard (D:2)
  4 kobolds
  4 rats
36 creatures vanquished.

Notes
Turn   | Place    | Note
-------+----------+-------------------------------------------
     0 | D:1      | iguanaiguana the Palentonga Warper began the quest for the
                  | Orb.
     0 | D:1      | Reached XP level 1. HP: 17/17 MP: 3/3
   441 | D:1      | Reached skill level 1 in Armour
   588 | D:1      | Reached XP level 2. HP: 19/23 MP: 5/5
   701 | D:1      | Learned a level 2 spell: Blink
   816 | D:1      | Found a faded altar of an unknown god.
   861 | D:1      | Found Pupnecze's Jewellery Shoppe.
  1304 | D:2      | Reached XP level 3. HP: 24/28 MP: 6/6
  2481 | D:3      | Noticed Sigmund
  2491 | D:3      | Killed Sigmund
  2492 | D:3      | Reached skill level 1 in Throwing
  2492 | D:3      | Reached skill level 4 in Translocations
  2492 | D:3      | Reached XP level 4. HP: 16/36 MP: 6/8
  2492 | D:3      | Reached XP level 5. HP: 18/42 MP: 6/9
  3116 | D:4      | Slain by an iguana

Illustrated notes

Levels and vault maps discovered:
D:1:      dpeg_arrival_round_b, layout_loops_ring,
          shapermc_ecumenical_altar_notcrosses, serial_shops,
          nicolae_shop_crystal
D:2:      layout_basic, serial_corexii_hall, corexii_hall_statues_i,
          corexii_hall_statues_s, corexii_hall_statues_x,
          corexii_hall_statues_x, minmay_distorted
D:3:      layout_basic, lemuel_another_geyser, uniq_sigmund
D:4:      layout_loops_ring, cheibrodos_sewer_entry_bend, minmay_pentangle

Skill      XL: |  1  2  3 |
---------------+----------+-----
Armour         | 1 |  1.7
Throwing       | 1 |  1.4
Dodging        | 2 |  2.2
Translocations | 4 |  4.1
Fighting       | |  2.8
Axes           | |  2.0
Spellcasting   | |  2.8

Action                   |  1- 3 |  4- 6 || total
-------------------------+-------+-------++-------
Melee: Falchion          |    52 |       ||    52
       Hand axe          |     5 |    18 ||    23
       Tailslap          |     6 |     1 ||     7
       Glaive            |    18 |     9 ||    27
 Abil: Rolling Charge    |     7 |     5 ||    12
  Use: Potion            |     1 |       ||     1
Armor: Leather armour    |    21 |       ||    21
       Robe              |     6 |    10 ||    16
Dodge: Dodged            |    34 |    20 ||    54

Table legend: (Time is in decaauts)
 A = Elapsed time spent in this place.
 B = Non-inter-level travel time spent in this place.
 C = Inter-level travel time spent in this place.
 D = Time resting spent in this place.
 E = Time spent auto-exploring this place.
 F = Levels seen in this place.
 G = Mean time per level.
                   A        B        C        D        E       F      G
               +--------+--------+--------+--------+--------+-----+--------+
         Total |   3131 |   2647 |    484 |    277 |   2063 |   4 |  782.8 |
       Dungeon |   3131 |   2647 |    484 |    277 |   2063 |   4 |  782.8 |
               +--------+--------+--------+--------+--------+-----+--------+

Top non-repeatable levels by time:
     D:2: 1345 daAuts
     D:1: 942 daAuts
     D:3: 825 daAuts
     D:4: 18 daAuts
